 Dungeon Crawl Stone Soup version 0.30-b1-2-g02819fbbbe (webtiles) character file.

Game seed: 5277946171318493321

104304 DavidChitty2 the Severer (level 15, -4/121 (129) HPs)
             Began as a Minotaur Fighter on May 16, 2023.
             Was the Champion of Makhleb.
             Slain by an orc high priest
             ... wielding a +0 glaive
              (7 damage)
             ... on level 2 of the Orcish Mines.
             The game lasted 00:31:25 (25347 turns).

DavidChitty2 the Severer (Minotaur Fighter)        Turns: 25347, Time: 00:31:25

HP:   -4/121 (129)  AC: 29    Str: 28    XL:     15   Next: 91%
MP:   22/22         EV:  8    Int:  5    God:    Makhleb [******]
Gold: 2187          SH: 12    Dex: 10    Spells: 14/14 levels left

rFire   . . .        a - +3 broad axe (flame)
rCold   . . .        c - +0 buckler
rNeg    . . .        A - +1 plate armour
rPois   .            j - +2 hat {Will+}
rElec   .            R - +0 cloak
rCorr   .            H - +0 pair of gloves
SInv    +            U - +0 pair of boots
Will    ++...        D - amulet of reflection Stlth
                     h - +4 ring of protection
HPRegen 0.40/turn    z - ring of see invisible
MPRegen 0.18/turn

%: reflection
@: drained
A: horns 2, retaliatory headbutt, frail 1, MP-powered wands
a: Renounce Religion, Minor Destruction, Lesser Servant of Makhleb, Major
Destruction, Greater Servant of Makhleb


You were on level 2 of the Orcish Mines.
You worshipped Makhleb.
Makhleb was exalted by your worship.
You visited 4 branches of the dungeon, and saw 23 of its levels.
You visited the Abyss 1 time.
You also visited: Ossuary.

You collected 2726 gold pieces.
You spent 539 gold pieces at shops.

Inventory:

Hand Weapons
 a - a +3 broad axe of flaming (weapon)
   (You acquired it on level 12 of the Dungeon)
Armour
 c - a +0 buckler (worn)
 j - a +2 hat of willpower (worn)
   (You took it off Gastronok on level 1 of the Lair of Beasts)
 A - a +1 plate armour (worn)
   (You took it off an orc warrior on level 8 of the Dungeon)
 H - a +0 pair of gloves (worn)
   (You found it on level 10 of the Dungeon)
 R - a +0 cloak (worn)
   (You found it on level 13 of the Dungeon)
 U - a +0 pair of boots (worn)
   (You found it on level 14 of the Dungeon)
Jewellery
 h - a +4 ring of protection (left hand)
   (You found it on level 1 of the Dungeon)
 i - a ring of protection from fire
   (You found it on level 9 of the Dungeon)
 o - a ring of protection from cold
   (You acquired it on level 12 of the Dungeon)
 z - a ring of see invisible (right hand)
   (You found it on level 2 of the Lair of Beasts)
 D - an amulet of reflection (around neck)
   (You found it on level 7 of the Dungeon)
 M - a ring of poison resistance
   (You found it on level 4 of the Lair of Beasts)
Wands
 d - a wand of iceblast (18)
   (You took it off Ijyb on level 3 of the Dungeon)
 t - a wand of flame (12)
   (You found it on level 3 of the Lair of Beasts)
 J - a wand of polymorph (29)
   (You found it on level 3 of the Dungeon)
 L - a wand of mindburst (17)
   (You found it on level 5 of the Lair of Beasts)
 N - a wand of charming (19)
   (You found it on level 5 of the Lair of Beasts)
Scrolls
 g - 8 scrolls of immolation {!r}
 m - 8 scrolls of identify {@r1}
 p - 6 scrolls of fear
 B - 2 scrolls of fog
 C - 2 scrolls of butterflies
 G - 2 scrolls of magic mapping
 I - 5 scrolls of teleportation {@r4}
 K - a scroll of blinking
 O - 2 scrolls of enchant weapon
 P - a scroll of enchant armour
 S - a scroll of poison {!r}
Potions
 e - 7 potions of flight
 f - 5 potions of brilliance
 k - 3 potions of resistance
 l - 5 potions of magic
 n - 13 potions of curing {@q1}
 q - 4 potions of mutation {!q}
 s - 7 potions of haste {@q3}
 u - 8 potions of might
 v - 3 potions of attraction {!q}
 w - 2 potions of heal wounds {@q2}
 x - 2 potions of invisibility
 E - 6 potions of lignification {!q}
 F - a potion of berserk rage
 Q - a potion of ambrosia
 T - 3 potions of cancellation
Miscellaneous
 r - a phantom mirror
   (You found it in an ossuary)


   Skills:
 + Level 16.0 Fighting
 - Level 18.0 Axes
 + Level 16.0 Armour
 - Level 15.0 Shields
 + Level 11.5 Invocations


You had 14 spell levels left.
You didn't know any spells.
Your spell library contained the following spells:

 Spells                   Type           Power      Damage    Failure   Level
 Foxfire                  Conj/Fire      0%         2x1d4     97%         1
 Freeze                   Ice            0%         1d3       97%         1
 Kiss of Death            Conj/Necr      0%         2d5       97%         1
 Sting                    Tmut/Pois      0%         1d3       97%         1
 Ensorcelled Hibernation  Hex/Ice        0%         N/A       99%         2
 Lesser Beckoning         Tloc           0%         N/A       99%         2
 Passwall                 Tmut/Erth      0%         N/A       99%         2
 Poisonous Vapours        Pois/Air       0%         N/A       99%         2
 Searing Ray              Conj           0%         2d4       99%         2
 Sublimation of Blood     Necr           0%         N/A       99%         2
 Frozen Ramparts          Ice            0%         1d1       100%        3
 Gell's Gravitas          Tloc           0%         N/A       100%        3
 Hailstorm                Conj/Ice       0%         3d3       100%        3
 Inner Flame              Hex/Fire       0%         N/A       100%        3
 Swiftness                Air            0%         N/A       100%        3
 Teleport Other           Tloc           0%         N/A       100%        3
 Tukima's Dance           Hex            0%         N/A       100%        3
 Flame Wave               Conj/Fire      0%         2d4       100%        4
 Iskenderun's Mystic Bla  Conj/Tloc      0%         2d3       100%        4
 Olgreb's Toxic Radiance  Pois           0%         N/A       100%        4
 Passage of Golubria      Tloc           0%         N/A       100%        4
 Petrify                  Tmut/Erth      0%         N/A       100%        4
 Sticky Flame             Conj/Fire      0%         2d3       100%        4
 Fireball                 Conj/Fire      0%         3d3       100%        5
 Irradiate                Conj/Tmut      0%         3d11      100%        5
 Yara's Violent Unravell  Hex/Tmut       0%         3d3       100%        5
 Plasma Beam              Fire/Air       0%         2x1d11    100%        6
 Starburst                Conj/Fire      0%         6d3       100%        6


Dungeon Overview and Level Annotations

Branches:
Dungeon (15/15) Temple (1/1) D:4 Lair (5/5) D:9 Shoals (0/4) Lair:3 Snake (0/4) Lair:3 Slime (0/5) Lair:5 Orc (2/2) D:12 Elf (0/3) Orc:2 Vaults (0/5) D:12 D:13 Depths (0/4) D:15 Ossuary (visited)

Altars:
Ashenzari
Cheibriados
Dithmenos
Elyvilon
Fedhas
Gozag
Hepliaklqana
Kikubaaqudgha
Makhleb
Nemelex Xobeh
Okawaru
Qazlal
Ru
Sif Muna
Trog
Uskayaw
Vehumet
Wu Jian
Xom
Yredelemnul
Zin
The Shining One
Jiyva

Shops:
D:3 !   D:6 !   D:12 ([   Orc:1 :(!(   Orc:2 !*

Portals:
Abyss: D:3
Trove: D:10 (show abyssal rune of Zot)

Annotations:
D:3 2 transporters, CoolSool's ghost, amateur OgEE
D:10 exclusion: ice statue
Lair:1 exclusion: oklob plant
Lair:3 3 runed translucent doors, Dikli's ghost, journeyman MiBe
Lair:5 3 runed translucent doors, DavidChitty2's ghost, journeyman MiFi


Innate Abilities, Weirdness & Mutations

You have a pair of horns on your head.
You reflexively headbutt those who attack you in melee.
You are frail. (-10% HP)
You expend magic power (3 MP) to strengthen your wands.


Message History

Makhleb accepts your kill.
You feel better.
You barely miss the orc knight. You hit the orc knight.
You burn the orc knight.
An orc high priest comes into view. It is wielding a +0 dire flail.
You block the orc high priest's attack. You block the orc knight's attack.
The orc high priest shouts!
You slice the orc knight!! You burn the orc knight!
You headbutt the orc knight. You slash the orc knight! You burn the orc knight.
You slash the orc knight! You burn the orc knight!
An orc warrior comes into view. It is wielding a +0 halberd.
The orc high priest hits you from afar with a +0 glaive!
You block the orc knight's attack.
The orc high priest mumbles some strange prayers to Beogh.
The orc knight barely misses you.
You closely miss the orc knight. Your headbutt misses the orc knight.
You hit the orc knight. You burn the orc knight. You slash the orc knight!
You burn the orc knight. You hit the orc knight. You burn the orc knight.
The ynoxinul disappears in a puff of smoke!
The orc knight hits you with a +2 battleaxe.
You block the orc knight's attack.
The orc high priest prays to Beogh.
The orc knight completely misses you. You block the orc knight's attack.
The orc knight hits you but does no damage.
You hit the orc knight but do no damage.
You headbutt the orc knight! You closely miss the orc knight.
You slash the orc knight! You burn the orc knight.
You closely miss the orc knight. The smoke demon gestures at you.
Beogh smites you!
You closely miss the orc knight. You hit the orc knight.
You burn the orc knight.
You hit the orc knight but do no damage.
You hit the orc knight. You burn the orc knight.
The orc high priest calls down the wrath of Beogh upon you.
Beogh smites you!
* * * LOW HITPOINT WARNING * * *
An orc comes into view. It is wielding a +0 club.
The orc knight barely misses you. You block the orc knight's attack.
The orc knight hits you but does no damage.
The orc knight hits you with a +0 great sword!!
* * * LOW HITPOINT WARNING * * *
You hit the orc knight. You burn the orc knight.
Your headbutt misses the orc knight. You barely miss the orc knight.
You slash the orc knight! You burn the orc knight.
You closely miss the orc knight.
The orc knight hits you from afar with a +1 glaive!!
* * * LOW HITPOINT WARNING * * *
The orc knight hits you but does no damage.
The orc high priest hits you from afar with a +0 glaive!
You die...

#.. o........
#.. #...#....
#... .o.......
#... #ooo#....
#.o..oo3....#
#ยง.o#ooo#...#
#.3ooo....#
#..#@o.#..#
#3......#
###.#.###
#.....#
###.#.###
#.......##
#..#...#..#
#.........##
#...#...#...#


You could see 6 orc knights, 3 orc high priests, a sixfirhy (summoned), a
neqoxec (summoned), a ynoxinul (summoned), 5 orc warriors, an orc priest
(strong) and an orc (strong).

Vanquished Creatures
  Rupert (D:12)
  Jorgrun (Orc:1)
  Frances (D:13)
  Gastronok (Lair:1)
  A sphinx (D:10)
  Agnes (D:15)
  Kirke (D:13)
  A stone giant (D:15)
  Nessos (D:14)
  Azrael (D:15)
  A blizzard demon (Abyss:2)
  Snorg (D:14)
  Josephine (D:12)
  A spriggan zombie (Abyss:2)
  8 hydras
  Erolcha (D:9)
  A catoblepas (Lair:2)
  4 centaur warriors
  5 two-headed ogres
  5 death yaks (Lair:4)
  2 boulder beetles
  5 tengu warriors
  Urug (D:13)
  An orc high priest (Orc:2)
  A wretched star (Abyss:2)
  2 skysharks
  A sixfirhy (Abyss:2)
  2 wizards
  9 orc knights
  5 large abominations (Abyss:2)
  A wolf spider (Lair:5)
  5 cyclopes
  An orc sorcerer (Orc:1)
  7 ugly things
  4 manticores
  Joseph (D:9)
  13 elephants
  A guardian serpent (Lair:5)
  12 black mambas
  A torpor snail (Lair:2)
  15 cane toads
  4 gargoyles
  An unseen horror (D:13)
  8 rime drakes
  Psyche (D:11)
  An efreet (D:14)
  3 kobold demonologists
  8 komodo dragons
  4 tengu conjurers
  A merfolk (Lair:3)
  A meliai (D:13)
  6 trolls
  2 polar bears (Lair:4)
  Grinder (D:3)
  4 hornets
  A raiju (Abyss:2)
  5 blink frogs (Abyss:2)
  A harpy skeleton (Abyss:2)
  4 dream sheep (Lair:2)
  6 flying skulls (Abyss:2)
  A centaur simulacrum (D:14)
  21 slime creatures
  6 wraiths
  13 yaks
  2 ynoxinuls (Abyss:2)
  A fire dragon skeleton (Abyss:2)
  2 shadows
  2 vampires
  2 fire elementals (D:15)
  A hog (D:13)
  16 humans
  17 wyverns
  A neqoxec (Abyss:2)
  2 basilisks
  3 redbacks (Lair:5)
  2 vampire mosquitoes (D:13)
  2 steam dragons
  2 wargs
  4 nagas (Lair:3)
  5 acid dragons
  5 hell hounds (D:15)
  16 water moccasins
  38 orc warriors
  An ice beast (D:5)
  6 ogres
  2 black bears
  4 boggarts (Lair:5)
  16 wolves
  9 centaurs
  21 kobold brigands
  10 bullfrogs
  3 scorpions
  A gnoll sergeant (D:10)
  16 wights
  10 killer bees
  2 small abominations (Abyss:2)
  A howler monkey (D:5)
  3 jellies
  2 iron imps (Abyss:2)
  3 hounds
  2 human zombies (Ossuary)
  33 orc priests
  Terence (D:2)
  Ijyb (D:3)
  4 iguanas
  4 sleepcaps
  20 orc wizards
  4 mummies (Ossuary)
  2 hound zombies (Ossuary)
  Robin (D:4)
  3 gnolls (D:8)
  8 adders
  2 ufetubi
  An adder zombie (Ossuary)
  A dart slug (D:3)
  82 orcs
  8 endoplasms
  2 giant cockroaches
  13 goblins
  13 hobgoblins
  3 jackals (D:4)
  28 kobolds
  4 quokkas
  7 ball pythons
  4 bats
  A frilled lizard (D:1)
  2 gnoll zombies (Ossuary)
  2 goblin zombies (Ossuary)
  A hobgoblin zombie (Ossuary)
  A jackal zombie (Ossuary)
  2 rats (D:1)
  A rat zombie (Ossuary)
725 creatures vanquished.

Vanquished Creatures (others)
  An unseen horror simulacrum (D:10)
  A wight (D:9)
  17 fungi
  56 plants
75 creatures vanquished.

Grand Total: 800 creatures vanquished

Notes
Turn   | Place    | Note
-------+----------+-------------------------------------------
     0 | D:1      | DavidChitty2 the Minotaur Fighter began the quest for the
                  | Orb.
     0 | D:1      | Reached XP level 1. HP: 19/19 MP: 0/0
   135 | D:1      | Reached XP level 2. HP: 27/27 MP: 1/1
   350 | D:1      | Reached skill level 3 in Axes
   610 | D:2      | Noticed Terence
   622 | D:2      | Killed Terence
   623 | D:2      | Reached XP level 3. HP: 24/33 MP: 2/2
   810 | D:2      | Got the Atlas of the Salvo and the Squall
  1010 | D:2      | Found a stormy altar of Qazlal.
  1071 | D:2      | Identified the +1 dagger "Newtslayer" {freeze, MP+9 Int+7}
  1376 | D:3      | Noticed a kobold brigand
  1380 | D:3      | Noticed a small abomination
  1382 | D:3      | Found a transporter.
  1383 | D:3      | Found a one-way gate to the infinite horrors of the Abyss.
  1383 | D:3      | Noticed CoolSool's ghost (amateur OgEE)
  1446 | D:3      | Found a transporter.
  1460 | D:3      | Found Zifetya's Distillery.
  1464 | D:3      | Reached XP level 4. HP: 40/40 MP: 3/3
  1516 | D:3      | Noticed Grinder
  1526 | D:3      | Killed Grinder
  1527 | D:3      | Reached skill level 5 in Axes
  1527 | D:3      | Reached XP level 5. HP: 47/47 MP: 4/4
  1527 | D:3      | Reached XP level 6. HP: 55/55 MP: 5/5
  1596 | D:3      | Noticed Ijyb
  1602 | D:3      | Killed Ijyb
  2069 | D:3      | Reached skill level 5 in Armour
  2393 | D:4      | Found a sand-covered staircase.
  2401 | Ossuary  | Entered an ossuary
  2407 | Ossuary  | Reached skill level 5 in Fighting
  2407 | Ossuary  | Reached skill level 5 in Shields
  2654 | Ossuary  | Reached skill level 6 in Axes
  2730 | D:4      | Found a staircase to the Ecumenical Temple.
  2744 | Temple   | Entered the Ecumenical Temple
  2782 | D:4      | Reached XP level 7. HP: 56/61 MP: 6/6
  3614 | D:4      | Noticed Robin
  3627 | D:4      | Killed Robin
  3719 | D:5      | Entered Level 5 of the Dungeon
  4083 | D:5      | Reached skill level 7 in Axes
  4268 | D:5      | Reached XP level 8. HP: 63/70 MP: 7/7
  4663 | D:6      | Found Emeull's Distillery.
  4671 | D:6      | Bought a potion of curing for 33 gold pieces
  4671 | D:6      | Bought a potion of haste for 110 gold pieces
  4892 | D:6      | Reached skill level 8 in Axes
  5488 | D:7      | Identified the +1 leather armour "Paitebod" {Str+3 Int+3}
  5503 | D:7      | HP: 3/71 [orc priest/+0 hand axe (4)]
  5509 | D:7      | Reached skill level 9 in Axes
  5795 | D:7      | You fall into a shaft and drop 3 floors!
  5795 | D:10     | Entered Level 10 of the Dungeon
  5808 | D:9      | Reached XP level 9. HP: 77/79 MP: 8/8
  5893 | D:9      | Noticed a kobold demonologist
  5894 | D:9      | Noticed a red devil
  5912 | D:9      | Killed a kobold demonologist
  5921 | D:9      | Reached skill level 10 in Axes
  5941 | D:9      | Reached skill level 11 in Axes
  6173 | D:8      | Reached XP level 10. HP: 67/90 MP: 9/9
  6597 | D:7      | Found a shimmering blue altar of Sif Muna.
  6598 | D:7      | Found a hide-covered altar of Uskayaw.
  6653 | D:7      | Found a shadowy altar of Dithmenos.
  6654 | D:7      | Found a basalt altar of Yredelemnul.
  6654 | D:7      | Found an ornate altar of the Wu Jian Council.
  6871 | D:7      | Found an iron altar of Okawaru.
  6871 | D:7      | Found a burning altar of Makhleb.
  6886 | D:7      | Became a worshipper of Makhleb the Destroyer
  7730 | D:9      | Noticed Erolcha
  7733 | D:9      | Noticed Joseph
  7743 | D:9      | Killed Joseph
  7744 | D:9      | Reached skill level 1 in Invocations
  7808 | D:9      | Paralysed by a hornet for 3 turns
  8027 | D:9      | Reached skill level 12 in Axes
  8028 | D:9      | Noticed a two-headed ogre
  8040 | D:9      | Killed a two-headed ogre
  8185 | D:9      | Found a staircase to the Lair.
  8389 | D:9      | Killed Erolcha
  8562 | D:10     | Noticed a two-headed ogre
  8572 | D:10     | Killed a two-headed ogre
  8660 | D:10     | Noticed a gargoyle
  8668 | D:10     | Killed a gargoyle
  8669 | D:10     | Reached XP level 11. HP: 93/99 MP: 12/12
  9016 | D:10     | Found a portal to a secret trove of treasure.
  9148 | D:10     | Reached * piety under Makhleb
  9152 | D:10     | Reached skill level 13 in Axes
  9273 | D:10     | Noticed a sphinx
  9278 | D:10     | Paralysed by a sphinx for 3 turns
  9471 | Lair:1   | Entered Level 1 of the Lair of Beasts
  9504 | Lair:1   | Found an ancient bone altar of Kikubaaqudgha.
  9669 | Lair:1   | Reached skill level 10 in Armour
  9669 | Lair:1   | Reached skill level 10 in Shields
  9674 | Lair:1   | Reached skill level 10 in Fighting
  9973 | Lair:1   | Noticed Gastronok
  9989 | Lair:1   | Killed Gastronok
 10323 | Lair:1   | Noticed an oklob plant
 10762 | Lair:2   | Reached skill level 14 in Axes
 10765 | Lair:2   | Noticed a five-headed hydra
 10777 | Lair:2   | Killed a nine-headed hydra
 11023 | Lair:2   | Reached skill level 5 in Invocations
 11023 | Lair:2   | Noticed a seven-headed hydra
 11045 | Lair:2   | Killed a seven-headed hydra
 11046 | Lair:2   | Reached XP level 12. HP: 79/108 MP: 14/14
 11270 | Lair:2   | Noticed a catoblepas
 11288 | Lair:2   | Killed a catoblepas
 11607 | Lair:2   | Reached skill level 15 in Axes
 11608 | Lair:2   | Reached ** piety under Makhleb
 11823 | Lair:2   | You fall into a shaft and drop 1 floor!
 12204 | Lair:3   | Noticed a four-headed hydra
 12213 | Lair:3   | Killed a four-headed hydra
 12216 | Lair:3   | Noticed an eight-headed hydra
 12227 | Lair:3   | Killed an eight-headed hydra
 12398 | Lair:3   | Noticed a five-headed hydra
 12407 | Lair:3   | Killed a five-headed hydra
 12600 | Lair:3   | Found a staircase to the Snake Pit.
 13081 | Lair:3   | Found a runed translucent gate.
 13082 | Lair:3   | Found a runed translucent gate.
 13082 | Lair:3   | Found a runed translucent gate.
 13083 | Lair:3   | Noticed Dikli's ghost (journeyman MiBe)
 13091 | Lair:3   | Found a viscous altar of Jiyva.
 13193 | Lair:3   | Found a staircase to the Shoals.
 13578 | Lair:4   | Noticed a death yak
 13578 | Lair:4   | Noticed a death yak
 13578 | Lair:4   | Noticed a death yak
 13579 | Lair:4   | Noticed a death yak
 13580 | Lair:4   | Noticed a death yak
 13590 | Lair:4   | Killed a death yak
 13591 | Lair:4   | Reached skill level 16 in Axes
 13596 | Lair:4   | Killed a death yak
 13597 | Lair:4   | Reached XP level 13. HP: 97/117 MP: 15/17
 14346 | Lair:4   | Reached *** piety under Makhleb
 14864 | Lair:5   | Entered Level 5 of the Lair of Beasts
 14864 | Lair:5   | Noticed DavidChitty2's ghost (journeyman MiFi)
 14864 | Lair:5   | Found a runed translucent gate.
 14864 | Lair:5   | Found a runed translucent gate.
 14864 | Lair:5   | Found a runed translucent gate.
 15086 | Lair:5   | Found a viscous altar of Jiyva.
 15087 | Lair:5   | Found a staircase to the Slime Pits.
 15293 | Lair:5   | Reached skill level 17 in Axes
 15504 | Lair:5   | Identified the +7 quarterstaff "Vitiuracio" {pain, rN++}
 15543 | Lair:5   | Reached **** piety under Makhleb
 15900 | Lair:5   | Paralysed by a hornet for 2 turns
 15954 | Lair:5   | Reached XP level 14. HP: 111/127 MP: 19/19
 16660 | D:10     | Killed a sphinx
 17342 | D:11     | Noticed Psyche
 17351 | D:11     | Killed Psyche
 17855 | D:11     | Reached skill level 18 in Axes
 17985 | D:11     | Reached ***** piety under Makhleb
 19003 | D:12     | Found a staircase to the Orcish Mines.
 19003 | D:12     | Found Feimys's Weapon Shoppe.
 19003 | D:12     | Found Loohen's Armour Shoppe.
 19042 | D:12     | Identified a scroll of acquirement
 19067 | D:12     | Noticed Josephine
 19084 | D:12     | Killed Josephine
 19240 | D:12     | Acquired a +3 broad axe of freezing
 19245 | D:12     | Acquired a ring of protection from cold
 19705 | D:13     | Noticed Rupert
 19705 | D:13     | Noticed Urug
 19705 | D:13     | Found a gate to the Vaults.
 19734 | D:12     | Killed Rupert
 20114 | D:13     | Killed Urug
 20191 | D:13     | Identified the +2 broad axe "Ibloidik" {drain, rC+ Will-
                  | Str-2 Dex+3}
 20498 | D:13     | Noticed Kirke
 20505 | D:13     | Killed Kirke
 20808 | D:13     | Noticed Frances
 20823 | D:13     | Killed Frances
 20824 | D:13     | Reached XP level 15. HP: 112/139 MP: 21/21
 21147 | D:14     | Noticed Nessos
 21157 | D:14     | Killed Nessos
 21479 | D:14     | Noticed Snorg
 21484 | D:14     | Killed Snorg
 21566 | Abyss:2  | Cast into level 2 of the Abyss (a wizard)
 21611 | Abyss:2  | Found a corrupted altar of Lugonu.
 21620 | Abyss:2  | Noticed a dread lich
 21749 | Abyss:2  | Reached skill level 10 in Invocations
 21937 | Abyss:2  | Gained mutation: You are clumsy. (Dex -2) [a neqoxec]
 21939 | Abyss:2  | Gained mutation: You are very clumsy. (Dex -4) [a neqoxec]
 21941 | Abyss:2  | Gained mutation: You are dopey. (Int -2) [a neqoxec]
 21949 | Abyss:2  | Reached ****** piety under Makhleb
 22031 | Abyss:2  | Reached skill level 15 in Shields
 22048 | D:14     | Escaped the Abyss
 22152 | D:14     | Lost mutation: You are dopey. (Int -2) [potion of mutation]
 22152 | D:14     | Lost mutation: You are very clumsy. (Dex -4) [potion of
                  | mutation]
 22152 | D:14     | Gained mutation: You are frail. (-10% HP) [potion of
                  | mutation]
 22152 | D:14     | Lost mutation: You are clumsy. (Dex -2) [potion of
                  | mutation]
 22152 | D:14     | Gained mutation: You expend magic power (3 MP) to
                  | strengthen your wands. [potion of mutation]
 22306 | D:14     | Reached skill level 15 in Armour
 22398 | D:15     | Entered Level 15 of the Dungeon
 22440 | D:15     | Reached skill level 15 in Fighting
 22601 | D:15     | Noticed Azrael
 22631 | D:15     | Killed Azrael
 23035 | D:15     | Noticed Agnes
 23046 | D:15     | Killed Agnes
 23372 | D:15     | Found a staircase to the Depths.
 23745 | Orc:1    | Entered Level 1 of the Orcish Mines
 23745 | Orc:1    | Found Archun's Antique Weapon Emporium.
 23763 | Orc:1    | Noticed Jorgrun
 23772 | Orc:1    | Killed Jorgrun
 23829 | Orc:1    | Found Teoj's Book Shoppe.
 23892 | Orc:2    | Entered Level 2 of the Orcish Mines
 24149 | Orc:2    | Found a staircase to the Elven Halls.
 24192 | Orc:2    | Found Kunid's General Store.
 24232 | Orc:2    | Found Week's Distillery.
 24244 | Orc:2    | Bought a potion of haste for 130 gold pieces
 24244 | Orc:2    | Bought a potion of haste for 130 gold pieces
 24284 | Orc:1    | Found Dyhor's Antique Weapon Emporium.
 24351 | Orc:1    | Found Dosoxza's Distillery.
 24362 | Orc:1    | Bought a potion of might for 68 gold pieces
 24362 | Orc:1    | Bought a potion of might for 68 gold pieces
 24871 | Orc:2    | Noticed an Executioner
 25347 | Orc:2    | HP: 3/121 [orc knight/+1 glaive (22)]
 25347 | Orc:2    | Slain by an orc high priest

Illustrated notes

Levels and vault maps discovered:
D:1:      dpeg_arrival_pond, layout_loops_ring
D:2:      layout_basic, basic_altar, minmay_misc_feat_diagonals, uniq_terence
D:3:      layout_loops_corners, serial_bayou, serial_bayou_shore_b,
          serial_bayou_crossing, serial_bayou_pond_c, serial_bayou_shore_b,
          serial_bayou_shore_b, serial_shops, nicolae_shop_getting_attention,
          gammafunk_ghost_abyssal_escape, uniq_grinder, uniq_ijyb
D:4:      kennysheep_goblin_castle, layout_basic,
          minmay_temple_entry_junction_2, nicolae_ossuary_entry_ruins
D:5:      layout_basic
D:6:      layout_gridville, serial_shops, nicolae_shop_industrial_runoff
D:7:      layout_cave_pods, grunt_temple_overflow_open,
          nicolae_overflow_two_pavilions, mainiacjoe_overflow_divided_tiny
D:8:      layout_loops_ring
D:9:      layout_roguey [special_room_kobold], lair_entry_dummy, uniq_joseph,
          uniq_erolcha
D:10:     layout_big_octagon, nicolae_trove_entry_free_sample,
          hangedman_decor_diamond_cutter, nzn_random_ring
D:11:     layout_layer_cave, minmay_door_square, minmay_variable_closet,
          columned_hall_lemuel, uniq_psyche
D:12:     layout_gridville, orc_david_3, uniq_josephine
D:13:     layout_loops_ring, david_vaults_3, uniq_kirke, uniq_urug, uniq_frances
D:14:     layout_roguey, minmay_misc_feat_doors, uniq_nessos, uniq_snorg,
          uniq_rupert
D:15:     grunt_enter_depths_snipers, layout_gridville, dreamdust_wishing_well,
          uniq_azrael, uniq_agnes
Temple:   nicolae_temple_no_exploring_needed
Lair:1:   layout_regular_city, basic_altar, minivault_26, grunt_megastairs_4,
          infiniplex_staircase_pool_2, uniq_gastronok
Lair:2:   layout_gridlike, grunt_megastairs_2
Lair:3:   layout_big_grid, elwin_shoals_entry_rooms,
          guppyfry_snake_entry_island, gammafunk_ghost_ooze, grunt_megastairs_1
Lair:4:   layout_gridlike, portal_ice_cave_rime
Lair:5:   hangedman_lair_tendril_chambers, layout_cave_pods, slime_entry_1,
          gammafunk_ghost_hydra_chop, kilobyte_rumbling_trees
Orc:1:    layout_diamond_mine, serial_shops, nicolae_square_shop,
          shop_fountains, nicolae_shop_temple_entry_statues_fountains, shop,
          uniq_jorgrun
Orc:2:    st_orc_pillars, layout_diamond_mine, serial_shops, shop_statue,
          nicolae_shop_window_shopping

Skill      XL: |  1  2  3  4  5  6  7  8  9 10 11 12 13 14 15 |
---------------+----------------------------------------------+-----
Axes           | 3 5 6 7 9 11 12 14 16 17 18 | 18.0
Fighting       | 4 5 6 7 8 9 10 11 12 14 16 | 16.0
Armour         | 4 5 6 7 8 9 10 11 12 14 16 | 16.0
Shields        | 4 5 6 7 8 9 10 11 13 14 15 | 15.0
Invocations    | 3 5 6 8 9 11 | 11.5

Action                     |  1- 3 |  4- 6 |  7- 9 | 10-12 | 13-15 || total
---------------------------+-------+-------+-------+-------+-------++-------
  Melee: War axe           |    52 |    87 |   212 |   426 |   502 ||  1279
         Headbutt          |     6 |    23 |    40 |   105 |   258 ||   432
         Mace              |       |       |       |    33 |     6 ||    39
         Broad axe         |       |       |       |       |   701 ||   701
 Invoke: Major Destruction |       |       |       |       |     2 ||     2
         Lesser Servant of |       |       |       |       |     1 ||     1
         Greater Servant o |       |       |       |       |     1 ||     1
  Evoke: Wand              |       |       |       |     4 |       ||     4
    Use: Scroll            |       |     9 |     5 |    13 |    12 ||    39
         Potion            |       |       |     4 |     2 |     5 ||    11
   Stab: Petrified         |       |       |       |     5 |       ||     5
 Armour: Scale mail        |    23 |       |       |   132 |     3 ||   158
         Chain mail        |    13 |    61 |   118 |    72 |       ||   264
         Plate armour      |       |       |       |       |   536 ||   536
  Dodge: Dodged            |    19 |    40 |   104 |   155 |   240 ||   558
         Repelled          |       |       |     1 |     5 |    11 ||    17
  Block: Buckler           |     9 |    21 |    47 |   227 |   611 ||   915
         Reflection        |       |       |       |     3 |    43 ||    46
